 Dungeon Crawl Stone Soup version 0.29.0-4-gdea44cf6ec (webtiles) character file.

Game seed: 9895561867663337857

162 qw the Chopper (level 5, -17/30 HPs)
             Began as a Tengu Warper on Aug 28, 2022.
             Demolished by an ogre
             ... wielding a +0 giant club
              (20 damage)
             ... on level 3 of the Dungeon.
             The game lasted 00:00:17 (2704 turns).

qw the Chopper (Tengu Warper)                       Turns: 2704, Time: 00:00:17

Health: -17/30     AC: 12    Str: 14    XL:     5   Next: 43%
Magic:  9/9        EV:  5    Int: 13    God:
Gold:   182        SH:  0    Dex: 13    Spells: 8/8 levels left

rFire   . . .      SeeInvis .   Y - +1 hand axe
rCold   . . .      Faith    .   (no shield)
rNeg    . . .      Spirit   .   h - +0 plate armour
rPois   .          Reflect  .   (helmet restricted)
rElec   .          Harm     .   i - +0 cloak
rCorr   .          Rampage  .   (no gloves)
Will    .....                   (boots unavailable)
Stlth   ..........              (no amulet)
HPRegen 0.10/turn               (no ring)
MPRegen 0.11/turn               (no ring)

@: flying quickly and evasively, quick
A: beak, talons 3, nimble flight
a: no special abilities


You were on level 3 of the Dungeon.
You visited 1 branch of the dungeon, and saw 3 of its levels.

You collected 182 gold pieces.


Innate Abilities, Weirdness & Mutations

You have a beak for a mouth.
You have claws for feet.
Your magical nature lets you fly swiftly and evasively.


   Skills:
 - Level 2.0 Fighting
 + Level 5.4 Axes
 - Level 1.0 Throwing
 - Level 2.7 Armour
 - Level 2.1 Dodging
 - Level 2.0 Spellcasting
 - Level 2.4 Translocations


You had 8 spell levels left.
You didn't know any spells.
Your spell library contained the following spells:

 Spells                   Type           Power      Damage    Failure   Level
 Blink                    Tloc           14%        N/A       100%        2
 Gell's Gravitas          Tloc           7%         N/A       100%        3
 Lesser Beckoning         Tloc           7%         N/A       100%        3
 Teleport Other           Tloc           7%         N/A       100%        3
 Manifold Assault         Tloc           7%         N/A       100%        5

Inventory:

Hand Weapons
 b - a +0 whip
 Y - a +1 hand axe (weapon)
Armour
 h - a +0 plate armour (worn)
 i - a +0 cloak (worn)
Scrolls
 e - a scroll of identify
 f - 2 scrolls of amnesia {unknown}
Potions
 a - a potion of brilliance {unknown}
 c - a potion of invisibility {unknown}
 d - a potion of lignification {unknown}
 g - a potion of curing
 j - 2 potions of haste {unknown}
 k - a potion of heal wounds {unknown}
 l - a potion of attraction {unknown}
 m - a potion of flight {unknown}

Dungeon Overview and Level Annotations

Branches:
Dungeon (3/15)

Altars:


Message History

You kill the bat!
You now have 182 gold pieces (gained 10).
Found an escape hatch in the ceiling.
m - a puce potion
Enter note: An ogre comes into view. It is wielding a +0 giant club.
The ogre shouts!
An adder comes into view. x2
2693 ||| Stepping ~*~*~tactically~*~*~ (stealth).
2694 ||| Stepping ~*~*~tactically~*~*~ (stealth).
2696 ||| Stepping ~*~*~tactically~*~*~ (stealth).
The adder hisses angrily.
You hit the adder. Your kick misses the adder.
The adder is moderately wounded.
The adder bites you but does no damage. x2
You completely miss the adder.
The adder is moderately wounded.
You barely miss the ogre. The adder closely misses you.
The ogre hits you with a +0 giant club!
You hit the adder.
The adder is almost dead.
You hit the ogre. The adder bites you. The ogre barely misses you.
You closely miss the adder.
The adder is almost dead.
You barely miss the ogre.
The adder bites you but does no damage. x2
You hit the adder.
You kill the adder!
You miss the adder. You hit the ogre. The ogre hits you with a +0 giant club!
Ouch! That really hurt!
The adder barely misses you.
You hit the ogre but do no damage.
The ogre is lightly wounded.
You slash the adder! The adder bites you but does no damage.
The ogre hits you with a +0 giant club!!
Ouch! That really hurt!
You die...

#.## .. #.#.... #.#.#.#
....S## ..S.. ## #.#
...##... .# #.# ... #..#
.# #.####.# #<.### #
.###......# #..S@##.#
..........# ##.O%.#.#
..#...##..# #......#
<.........# ##...###
..........# #...#
..........# #...#
..#....#..#####...#######
#.......................#
.........................


You could see an ogre and an adder.

Vanquished Creatures
  A hound (D:2)
  Natasha (D:2)
  5 adders
  2 worms (D:2)
  A dart slug (D:3)
  3 bats
  2 endoplasms
  2 giant cockroaches
  A goblin (D:3)
  9 hobgoblins
  5 jackals
  6 kobolds
  3 quokkas
  4 ball pythons (D:2)
  5 frilled lizards
  5 rats
55 creatures vanquished.

Vanquished Creatures (others)
  6 plants (D:1)
6 creatures vanquished.

Grand Total: 61 creatures vanquished

Notes
Turn   | Place    | Note
-------+----------+-------------------------------------------
     0 | D:1      | qw the Tengu Warper began the quest for the Orb.
     0 | D:1      | Reached XP level 1. HP: 12/12 MP: 4/4
     0 | D:1      | 0 ||| qw: Version: 0.1-a-89-g26bdef1
     0 | D:1      | 0 ||| qw: Game counter: 844
     0 | D:1      | 0 ||| qw: Always use a shield: true
     0 | D:1      | 0 ||| qw: God list: Okawaru
     0 | D:1      | 0 ||| qw: Allow faded altars: false
     0 | D:1      | 0 ||| qw: Do Orc after D:15 true
     0 | D:1      | 0 ||| qw: Do second Lair branch before Depths: true
     0 | D:1      | 0 ||| qw: Lair rune preference: random
     0 | D:1      | 0 ||| qw: Plans: Normal
     0 | D:1      | 0 ||| PLANNING D:1-11
    73 | D:1      | Reached XP level 2. HP: 17/17 MP: 6/6
    85 | D:1      | Reached skill level 3 in Axes
  1111 | D:1      | Reached XP level 3. HP: 21/21 MP: 7/7
  1366 | D:1      | 1366 ||| UPGRADING to +0 ring mail.
  1376 | D:1      | 1376 ||| DROPPING +0 leather armour.
  1377 | D:1      | 1377 ||| UPGRADING to +0 plate armour.
  1387 | D:1      | 1387 ||| DROPPING +0 ring mail.
  1388 | D:1      | 1388 ||| UPGRADING to +0 cloak.
  1393 | D:1      | 1393 ||| READING 3 scrolls labelled FIRUPLU GUATHE.
  1394 | D:1      | 1394 ||| READING scroll labelled ANLERU LESUEN.
  1395 | D:1      | 1395 ||| DROPPING 2 scrolls of butterflies.
  1396 | D:1      | 1396 ||| DROPPING scroll of blinking.
  1429 | D:2      | 1429 ||| STAIRDANCE
  1434 | D:1      | Reached skill level 4 in Axes
  1436 | D:2      | 1436 ||| STAIRDANCE
  1473 | D:2      | 1473 ||| Stepping ~*~*~tactically~*~*~ (stealth).
  1509 | D:2      | 1509 ||| FLEEEEING.
  1510 | D:2      | 1510 ||| FLEEEEING.
  1511 | D:2      | 1511 ||| FLEEEEING.
  1515 | D:2      | 1515 ||| FLEEEEING.
  1516 | D:2      | 1516 ||| FLEEEEING.
  1525 | D:2      | 1525 ||| STAIRDANCE
  1555 | D:1      | 1555 ||| DROPPING +6 ring of intelligence.
  1558 | D:2      | 1558 ||| STAIRDANCE
  1593 | D:2      | 1593 ||| DROPPING +0 club.
  1608 | D:2      | Noticed a floating eye
  1609 | D:2      | Found a faded altar of an unknown god.
  1611 | D:2      | Noticed a golden eye
  1611 | D:2      | Noticed a shining eye
  1611 | D:2      | Noticed a floating eye
  1714 | D:2      | Noticed Natasha
  1720 | D:2      | HP: 4/21 [Natasha (7)]
  1722 | D:2      | Killed Natasha
  1723 | D:2      | Reached XP level 4. HP: 6/26 MP: 8/8
  2060 | D:2      | 2060 ||| Stepping ~*~*~tactically~*~*~ (stealth).
  2080 | D:2      | Gained mutation: Your magical nature lets you fly swiftly
                  | and evasively. [Tengu growth]
  2080 | D:2      | Reached XP level 5. HP: 30/30 MP: 9/9
  2124 | D:2      | Reached skill level 5 in Axes
  2393 | D:2      | 2393 ||| READING scroll labelled MIAKLI PUZIE.
  2394 | D:2      | 2394 ||| READING scroll labelled NEOTSOIWAT.
  2395 | D:2      | 2395 ||| READING scroll labelled TOBAEP YLOE.
  2396 | D:2      | 2396 ||| READING scroll labelled OXEWAU TIUZA.
  2400 | D:2      | 2400 ||| DRINKING 2 glowing golden potions.
  2410 | D:3      | 2410 ||| Stepping ~*~*~tactically~*~*~ (stealth).
  2691 | D:3      | Noticed an ogre
  2693 | D:3      | 2693 ||| Stepping ~*~*~tactically~*~*~ (stealth).
  2694 | D:3      | 2694 ||| Stepping ~*~*~tactically~*~*~ (stealth).
  2696 | D:3      | 2696 ||| Stepping ~*~*~tactically~*~*~ (stealth).
  2703 | D:3      | HP: 3/30 [ogre/+0 giant club (16)]
  2704 | D:3      | Demolished by an ogre

Levels and vault maps discovered:
D:1:      lightli_arrival_farm, layout_basic
D:2:      layout_basic, hellmonk_ecumenical_altar_watching_god,
          minmay_quadrilaterals, uniq_natasha
D:3:      layout_loops_cross, nicolae_overflow_ecumenical_swirl, serial_shops,
          nicolae_shop_stone, nicolae_shop_trees, nicolae_shop_crystal

Skill      XL: |  1  2  3  4  5 |
---------------+----------------+-----
Axes           | 3 4 5 |  5.4
Armour         | 2 |  2.7
Fighting       | |  2.0
Throwing       | |  1.0
Dodging        | |  2.1
Spellcasting   | |  2.0
Translocations | |  2.4

Action                   |  1- 3 |  4- 6 || total
-------------------------+-------+-------++-------
Melee: Hand axe          |    69 |    62 ||   131
       Kick              |    15 |    18 ||    33
       Peck              |     9 |    12 ||    21
       Punch             |       |     1 ||     1
Throw: Boomerang         |    13 |    11 ||    24
  Use: Scroll            |     2 |     4 ||     6
       Potion            |       |     1 ||     1
Armor: Leather armour    |    12 |       ||    12
       Plate armour      |    19 |    36 ||    55
Dodge: Dodged            |    33 |    15 ||    48

Table legend:
 A = Non-vault XP
 B = Vault XP
 C = Vault XP percentage of total XP
 D = Non-vault monster count
 E = Vault monster count
 F = Vault count percentage of total count
                 A         B        C        D         E       F
            +---------+---------+-------+---------+---------+-------
      Total |     166 |      66 |  28.4 |      47 |       8 |  14.5
            +---------+---------+-------+---------+---------+-------
        D:1 |      52 |       0 |   0.0 |      24 |       0 |   0.0
        D:2 |      73 |      66 |  47.5 |      13 |       8 |  38.1
        D:3 |      41 |       0 |   0.0 |      10 |       0 |   0.0
            +---------+---------+-------+---------+---------+-------
